 Dungeon Sprint DCSS version 0.26-a0-962-g9b92081034 (webtiles) character file.

Game seed: 7749905783958296795

38 Kobol5 the Shield-Bearer (level 3, -1/24 HPs)
             Began as a Gargoyle Fighter on Dec 2, 2020.
             Slain by an ogre
             ... wielding a +0 giant club
              (14 damage)
             ... in the Dungeon (Sprint IX: "|||||||||||||||||||||||||||||").
             The game lasted 00:01:31 (279 turns).

Kobol5 the Shield-Bearer (Gargoyle Fighter)          Turns: 279, Time: 00:01:32

Health: -1/24      AC: 10    Str: 19    XL:     3   Next: 43%
Magic:  3/3        EV:  8    Int:  8    God:
Gold:   0          SH:  9    Dex: 10    Spells: 2/2 levels left

rFire    . . .     SeeInvis .   a - +0 long sword
rCold    . . .     Faith    .   c - +0 kite shield
rNeg     + . .     Spirit   .   b - +0 scale mail
rPois    ∞         Reflect  .   (no helmet)
rElec    +         Harm     .   (no cloak)
rCorr    .         Rampage  .   (no gloves)
MR       .....     NoTele   +   (no boots)
Stlth    ..........             (no amulet)
HPRegen  0.08/turn              (no ring)
MPRegen  0.08/turn              (no ring)

@: berserk cooldown, slowed, very slow
A: negative energy resistance 1, electricity resistance, unbreathing,
petrification resistance, rot immunity, AC +3
a: no special abilities


You were in the Dungeon.
You visited 1 branch

Inventory:

Hand Weapons
 a - a +0 long sword (weapon)
Armour
 b - a +0 scale mail (worn)
 c - a +0 kite shield (worn)
Scrolls
 j - a scroll of blinking
Potions
 d - a potion of might
 e - a potion of curing
 f - a potion of heal wounds
 g - a potion of haste
 h - 2 potions of magic


   Skills:
 + Level 4.7 Fighting
 + Level 2.7 Long Blades
 + Level 4.6 Armour
 * Level 2.0 Dodging
 + Level 4.8 Shields


You had 2 spell levels left.
You didn't know any spells.
Your spell library was empty.

Dungeon Overview and Level Annotations

Branches:
Dungeon (1/1)

Altars:


Innate Abilities, Weirdness & Mutations

You are resistant to torment.
Your stone body is resilient. (AC +3)
You are immune to poison.
You resist negative energy. (rN+)
You are resistant to electric shocks. (rElec)
You can survive without breathing.
You are immune to petrification.
You are immune to rotting.


Message History

You hear some strange, mumbled words.
A puff of flame appears from out of thin air!
The puff of flame hits you!
You completely miss something.
You hear some strange, mumbled words.
A magic dart appears from out of thin air!
The magic dart hits you but does no damage.
You miss something.
You hear some strange, mumbled words.
A magic dart appears from out of thin air!
The magic dart hits you. You block something's attack.
You miss something.
You are no longer berserk.
You are exhausted.
You feel yourself slow down. Something hits you but does no damage.
You slash something!
Reactivating autopickup.
You feel a bit more experienced. The ogre hits you with a +0 giant club!
Ouch! That really hurt!
You die...

▓.▓
▓.▓
▓.▓
▓÷▓
▓)▓
▓.▓
▓.▓
▓.▓
▓@▓
▓O▓
▓.▓
▓.▓
▓.▓
▓.▓
▓.▓
▓+▓


You could see an ogre.

Vanquished Creatures
  A jelly (D)
  An orc wizard (D)
  A leopard gecko (D)
  A bat (D)
  A giant cockroach (D)
  A hobgoblin (D)
  3 frilled lizards (D)
9 creatures vanquished.

Notes
Turn   | Place    | Note
-------+----------+-------------------------------------------
     0 | D        | Kobol5 the Gargoyle Fighter began the quest for the Orb.
     0 | D        | Reached XP level 1. HP: 14/14 MP: 1/1
     5 | D        | Banished a spatial maelstrom
    32 | D        | Reached skill level 1 in Dodging
   255 | D        | Noticed a jelly
   255 | D        | Noticed an orc wizard
   255 | D        | Noticed an ogre
   261 | D        | Reached XP level 2. HP: 18/20 MP: 2/2
   264 | D        | Reached XP level 3. HP: 24/24 MP: 3/3
   279 | D        | Slain by an ogre

Illustrated notes

Levels and vault maps discovered:
D:        linesprint [early_d, line_temple, items_1, d_10, items_2, lair_1,
          lair_end, items_3, orc_1, orc_end, items_4, d_15, swamp_1, shoals_1,
          snake_1, spider_1, d_20, vaults_1, items_5, swamp_end, shoals_end,
          snake_end, spider_end, vaults_end, d_27, items_6, zot_1, zot_end,
          crypt_end, forest_end, elf_end, slime_end, tomb_end, abyss_end,
          pan_hell_end]

Skill      XL: |  1  2  3 |
---------------+----------+-----
Long Blades    | 2 |  2.7
Dodging        | 1 2 |  2.0
Fighting       | 4 |  4.7
Armour         | 4 |  4.6
Shields        | 4 |  4.8

Action                   || total
-------------------------++-------
Melee: Long sword        ||    50
  Use: Potion            ||     1
Armor: Scale mail        ||    26
Dodge: Dodged            ||     7
Block: Kite shield       ||    24
       Rpst.: Long sword ||     1

Table legend: (Time is in decaauts)
 A = Elapsed time spent in this place.
 B = Non-inter-level travel time spent in this place.
 C = Inter-level travel time spent in this place.
 D = Time resting spent in this place.
 E = Time spent auto-exploring this place.
 F = Levels seen in this place.
 G = Mean time per level.
                   A        B        C        D        E       F      G
               +--------+--------+--------+--------+--------+-----+--------+
         Total |    289 |    289 |      0 |    218 |      7 |   1 |  289.0 |
       Dungeon |    289 |    289 |      0 |    218 |      7 |   1 |  289.0 |
               +--------+--------+--------+--------+--------+-----+--------+

Top non-repeatable levels by time:
       D: 289 daAuts
